 Dungeon Crawl Stone Soup version 0.17-a0-802-g1f09329 (webtiles) character file.

2167 RobertPalmer the Sharpshooter (level 9, -2/48 HPs)
             Began as a Kobold Hunter on Apr 26, 2015.
             Was a Follower of Okawaru.
             Slain by an ogre
             ... wielding a +0 giant club
              (27 damage)
             ... on level 6 of the Dungeon.
             The game lasted 00:16:13 (6166 turns).

RobertPalmer the Sharpshooter (Kobold Hunter)       Turns: 6166, Time: 00:16:13

Health: -2/48      AC:  6    Str: 10    XL:     9   Next: 57%
Magic:  9/9        EV: 17    Int: 12    God:    Okawaru [*.....]
Gold:   132        SH:  0    Dex: 17    Spells: 0 memorised, 8 levels left

rFire  . . .     SeeInvis .     a - +1 short sword
rCold  . . .     Clarity  .     d - +1 leather armour
rNeg   . . .     SustAb   .     (shield restricted)
rPois  .         Gourm    .     (no helmet)
rElec  .         Spirit   .     s - +0 cloak
rCorr  .         Warding  .     u - +0 pair of gloves
rMut   .         Stasis   .     (no boots)
MR     .....                    (no amulet)
Stlth  ++........               (no ring)
                                (no ring)

@: not resistant to hostile enchantments, unstealthy
A: carnivore 3
a: Heroism, Renounce Religion


You were on level 6 of the Dungeon.
You worshipped Okawaru.
Okawaru was aware of your devotion.
You were full.

You visited 2 branches of the dungeon, and saw 7 of its levels.

You collected 199 gold pieces.
You spent 67 gold pieces at shops.

Inventory:

Hand weapons
 a - a +1 short sword (weapon)
 b - a +1 hand crossbow
Missiles
 c - 12 bolts
 h - a throwing net {=f, !d}
Armour
 d - a +1 leather armour (worn)
 s - a +0 cloak (worn)
   (You found it on level 5 of the Dungeon)
 u - a +0 pair of gloves (worn)
   (You bought it in a shop on level 5 of the Dungeon)
Magical devices
 t - a wand of cold (0)
   (You found it on level 3 of the Dungeon)
 v - a wand of teleportation (7)
   (You found it on level 3 of the Dungeon)
 x - a wand of paralysis (8)
   (You found it on level 3 of the Dungeon)
Scrolls
 f - a scroll of teleportation
 j - a scroll of identify
 k - 2 scrolls of blinking {!r}
 y - a scroll of fear
Potions
 g - a potion of magic
 i - a potion of might {unknown}
 l - 2 potions of invisibility {unknown}
 m - 2 potions of heal wounds
 o - 2 potions of agility {unknown}
 p - 5 potions of curing
 w - a potion of berserk rage {!q}
 z - a potion of beneficial mutation {unknown}
Comestibles
 e - a meat ration {@e2}
 n - 3 royal jellies
 q - a beef jerky
 r - 3 slices of pizza


   Skills:
 - Level 2.1 Fighting
 - Level 10.9 Short Blades
 - Level 15.0 Crossbows
 + Level 4.6 Dodging
 - Level 1.3 Stealth


You had 8 spell levels left.
You didn't know any spells.

Dungeon Overview and Level Annotations

Branches:
Dungeon (6/15)             Temple (1/1) D:4

Altars:
Ashenzari
Cheibriados
Dithmenos
Elyvilon
Fedhas
Kikubaaqudgha
Makhleb
Nemelex Xobeh
Okawaru
Qazlal
Ru
Sif Muna
Trog
Vehumet
Xom
Yredelemnul
The Shining One

Shops:
D:5 [


Innate Abilities, Weirdness & Mutations

You are small and have problems with some larger weapons.
You are carnivorous and can eat meat at any time.


Message History

The sky beast zombie hits you but does no damage.
You barely miss the sky beast zombie. You hit the sky beast zombie.
The sky beast zombie barely misses you.
You hit the sky beast zombie. You hit the sky beast zombie.
The sky beast zombie barely misses you.
You hit the sky beast zombie. You hit the sky beast zombie.
You hit the sky beast zombie.
The sky beast zombie closely misses you.
You hit the sky beast zombie.
You destroy the sky beast zombie!
Okawaru accepts your kill.
There is an open door here.
There is an open door here.
There is an open door here.
c - 4 bolts (gained 1)
A hobgoblin comes into view.
The hobgoblin shouts!
You regained 7 hp, and now have 44/48 hp.
A hobgoblin is nearby!
A hobgoblin is nearby!
A hobgoblin is nearby!
A hobgoblin is nearby!
The hobgoblin hits you.
You completely miss the hobgoblin. The hobgoblin barely misses you.
You puncture the hobgoblin!
You kill the hobgoblin!
Okawaru accepts your kill.
No target in view!
No target in view!
There is an open door here.
There is an open door here.
There is an open door here.
There is an open door here.
You open the door.
There is an open door here.
You open the door.
There is an open door here.
o - 2 amethyst potions Done exploring.
Health restored: 48 Done exploring.
Done exploring.
Done exploring.
(D) Dungeon (T) Temple
Where to? (Enter - D:4 @ (x,y), ? - help)
There is a stone staircase leading down here.
You climb downwards.
There is a stone staircase leading up here.
Found a stone staircase leading up.
c - 15 bolts (gained 11)
q - a beef jerky
l - 2 smoky orange potions (gained 1)
A goblin comes into view.
The goblin shouts!
You hear a shout!
A goblin is nearby!
A hound comes into view.
The hound barks!
Found an escape hatch in the ceiling.
You barely miss the goblin. You barely miss the goblin.
The goblin hits you but does no damage.
You hit the goblin.
You kill the goblin!
Okawaru accepts your kill.
You puncture the hound! The hound closely misses you.
A giant frog comes into view.
You closely miss the hound.
The giant frog moves out of view.
You barely miss the hound. The hound closely misses you.
You barely miss the hound. The hound completely misses you.
You barely miss the hound. The hound bites you but does no damage.
You closely miss the hound. The hound misses you.
An ogre comes into view. It is wielding a giant club.
The ogre shouts!
You hit the hound but do no damage. The hound misses you.
You hit the hound. You hit the hound. The hound barely misses you.
You closely miss the hound.
The hound pauses to sniff the ground.
The hound closely misses you.
You hit the hound. The hound misses you.
You hit the hound. The hound bites you but does no damage.
b - a +1 hand crossbow (weapon)
Aim: an ogre, wielding a giant club You shoot a bolt.
The bolt barely misses the hound.
The bolt barely misses the ogre.
The hound closely misses you. The hound barely misses you.
Aim: an ogre, wielding a giant club You shoot a bolt.
The bolt hits the hound.
You kill the hound!
Okawaru accepts your kill.
Aim: an ogre, wielding a giant club You shoot a bolt.
The bolt barely misses the ogre.
a - a +1 short sword (weapon)
You hit the ogre but do no damage. The ogre hits you with a giant club!!
You take 23 damage, and have 25/48 hp.
MASSIVE DAMAGE!!
You hit the ogre but do no damage. You hit the ogre.
The ogre hits you with a giant club!!
Ouch! That really hurt!
You die...

... ... ... #.#
#.# #.# #?# #.#
#.# #.# #
#.######.##.#
#...........# .
#.###..).#### #.#
#@# #...[...####.#
#O# #............#
#......####.####.#
#.#.##.# ##.## #.#
....##<###...###..
.................#
...###..##...##..#
##<## #. ##.###.<#
#(# # #.##.#.#


You could see an ogre.

Vanquished Creatures
  Menkaure (D:4)
  A water moccasin (D:5)
  2 phantoms (D:4)
  3 sky beasts (D:5)
  2 ogres
  A scorpion (D:5)
  A centaur skeleton (D:4)
  An orc wizard (D:4)
  2 hounds
  A giant frog skeleton (D:4)
  2 iguanas (D:5)
  2 worker ants (D:5)
  5 adders
  A shadow imp (D:5)
  3 oozes
  4 worms
  An adder zombie (D:2)
  7 orcs
  A bat skeleton (D:2)
  4 giant cockroaches
  17 hobgoblins
  6 jackals
  3 quokkas
  3 ball pythons
  7 bats
  3 giant geckos
  A giant gecko skeleton (D:4)
  6 giant newts
  15 goblins
  12 kobolds
  7 rats
125 creatures vanquished.

Notes
Turn   | Place    | Note
--------------------------------------------------------------
     0 | D:1      | RobertPalmer, the Kobold Hunter, began the quest for the Orb.
     0 | D:1      | Reached XP level 1. HP: 12/12 MP: 1/1
    54 | D:1      | Reached skill level 1 in Short Blades
   177 | D:1      | Reached skill level 2 in Short Blades
   177 | D:1      | Reached XP level 2. HP: 15/17 MP: 2/2
   652 | D:1      | Reached skill level 3 in Short Blades
   652 | D:1      | Reached XP level 3. HP: 21/21 MP: 3/3
   894 | D:2      | Reached skill level 4 in Short Blades
  1168 | D:2      | Reached XP level 4. HP: 26/26 MP: 4/4
  1288 | D:2      | Reached skill level 5 in Short Blades
  1853 | D:3      | Reached XP level 5. HP: 26/30 MP: 5/5
  2492 | D:3      | HP: 7/30 [poisoned by an adder]
  2500 | D:3      | HP: 6/30 [poisoned by an adder]
  2863 | D:3      | Reached skill level 6 in Short Blades
  3271 | D:4      | Noticed a phantom
  3282 | D:4      | Killed a phantom
  3282 | D:4      | Reached skill level 7 in Short Blades
  3282 | D:4      | Reached XP level 6. HP: 25/35 MP: 6/6
  3289 | D:4      | Noticed Menkaure
  3479 | D:4      | Killed Menkaure
  3479 | D:4      | Reached skill level 8 in Short Blades
  3479 | D:4      | Reached XP level 7. HP: 40/40 MP: 7/7
  3495 | D:4      | Found a staircase to the Ecumenical Temple.
  3516 | Temple   | Entered the Ecumenical Temple
  3567 | Temple   | Became a worshipper of Warmaster Okawaru
  3691 | D:4      | Noticed a phantom
  3719 | D:4      | Killed a phantom
  3719 | D:4      | Reached skill level 9 in Short Blades
  3730 | D:4      | Found a sacrificial altar of Ru.
  3738 | D:4      | Found an ancient bone altar of Kikubaaqudgha.
  3744 | D:4      | Found a sparkling altar of Nemelex Xobeh.
  4186 | D:5      | Entered Level 5 of the Dungeon
  4221 | D:5      | Acquired Okawaru's first power
  4290 | D:5      | Found Dimnopneqo's Armour Shoppe.
  4320 | D:5      | Bought a +0 pair of gloves for 67 gold pieces
  4347 | D:5      | Reached skill level 10 in Short Blades
  4446 | D:4      | Noticed an ogre
  4455 | D:4      | Killed an ogre
  4493 | D:5      | Reached XP level 8. HP: 44/44 MP: 8/8
  4952 | D:5      | Reached skill level 5 in Crossbows
  4988 | D:5      | Found a bloodstained altar of Trog.
  5141 | D:5      | Reached skill level 15 in Crossbows
  5141 | D:5      | Reached XP level 9. HP: 48/48 MP: 9/9
  5160 | D:5      | Reached skill level 3 in Dodging
  5173 | D:5      | HP: 12/48 [poisoned by a water moccasin]
  5179 | D:5      | HP: 10/48 [poisoned by a water moccasin]
  5184 | D:5      | HP: 9/48 [poisoned by a water moccasin]
  5191 | D:5      | HP: 8/48 [poisoned by a water moccasin]
  5199 | D:5      | HP: 7/48 [poisoned by a water moccasin]
  5708 | D:5      | Reached skill level 4 in Dodging
  5815 | D:5      | HP: 10/48 [shadow imp/nerve-wracking pain (10)]
  6166 | D:6      | Slain by an ogre

Action                   |  1- 3 |  4- 6 |  7- 9 || total
-------------------------+-------+-------+-------++-------
Melee: Short sword       |   108 |   172 |   219 ||   499
 Fire: Hand crossbow     |    18 |    36 |    60 ||   114
Throw: Stone             |       |       |     1 ||     1
       Throwing net      |       |       |     2 ||     2
Evoke: Wand              |       |     2 |     5 ||     7
  Use: Scroll            |       |     9 |     6 ||    15
       Potion            |       |     1 |     2 ||     3
 Stab: Sleeping          |     1 |     2 |     1 ||     4
       Paralysed         |       |     1 |     1 ||     2
       Held in net/web   |       |       |     1 ||     1
  Eat: Chunk             |     7 |       |    11 ||    18
       Meat ration       |     1 |       |     1 ||     2

Vault maps used:
D:1:      wheals_arrival_shading, minmay_misc_feat_x
D:2:      first_bread, serial_undead, serial_undead_d, serial_undead_e,
          serial_undead_b, serial_undead_a, serial_undead_d
D:4:      minmay_overflow_temple_star_quad, minmay_temple_entry_glass,
          uniq_menkaure
D:5:      serial_shops, shop, roderic_lattice_a, trog_hazing_becter
D:6:      overflow_temple_1_default, zin_scriptorium, uniq_prince_ribbit1
Temple:   water_room_temple_a_12

Table legend:
 A = Turns spent in this place as a percentage of turns spent in the entire game.
 B = Non-inter-level travel turns spent in this place as a percentage of non-inter-level travel turns spent in the entire game.
 C = Inter-level travel turns spent in this place as a percentage of turns spent in this place.
 D = Turns resting spent in this place as a percentage of non-inter-level travel turns spent in this place.
 E = Turns spent auto-exploring this place as a percentage of non-inter-level travel turns spent in this place.
 F = Non-inter-level travel turns spent in this place divided by the number of levels of this place that you've seen.
                   A       B       C       D       E      F
               +-------+-------+-------+-------+-------+----------------------
         Total | 100.0 | 100.0 |   0.8 |   1.1 |   7.7 | 315.1
       Dungeon |  98.5 |  98.5 |   0.7 |   1.1 |   7.8 | 362.3
        Temple |   1.5 |   1.5 |   3.0 |   0.0 |   0.0 |  32.0
               +-------+-------+-------+-------+-------+----------------------

Table legend:
 A = Kills in this place as a percentage of kills in entire the game.
 B = Kills by you in this place as a percentage of kills by you in the entire game.
 C = Kills by friends in this place as a percentage of kills by friends in the entire game.
 D = Other kills in this place as a percentage of other kills in the entire game.
 E = Experience gained in this place as a percentage of experience gained in the entire game.
 F = Experience gained in this place divided by the number of levels of this place that you have seen.
                   A       B       C       D       E      F
               +-------+-------+-------+-------+-------+----------------------
         Total | 100.0 | 100.0 |  -nan |  -nan | 100.0 | 271.4
       Dungeon | 100.0 | 100.0 |  -nan |  -nan | 100.0 | 316.7
               +-------+-------+-------+-------+-------+----------------------
